 Dungeon Crawl Stone Soup version 0.21.1-1-g345015f (webtiles) character file.

144 VersusAllOdds the Skirmisher (level 5, -2/57 HPs)
             Began as an Ogre Berserker on July 29, 2018.
             Was a Believer of Trog.
             Slain by an orc
             ... wielding a +0 flail
              (10 damage)
             ... on level 3 of the Dungeon.
             The game lasted 00:08:34 (3908 turns).

VersusAllOdds the Skirmisher (Ogre Berserker)       Turns: 3908, Time: 00:08:35

Health: -2/57      AC:  3    Str: 21    XL:     5   Next: 27%
Magic:  5/5        EV: 10    Int:  9    God:    Trog [**....]
Gold:   122        SH:  0    Dex:  8    Spells: 4/4 levels left

rFire    . . .     SeeInvis .   q - +0 war axe
rCold    . . .     Gourm    .   (no shield)
rNeg     . . .     Faith    .   b - +0 animal skin
rPois    .         Spirit   .   (helmet restricted)
rElec    .         Reflect  .   (no cloak)
rCorr    .         Harm     .   (gloves unavailable)
MR       .....                  (boots unavailable)
Stlth    +.........             (no amulet)
HPRegen  0.19/turn              (no ring)
MPRegen  0.09/turn              (no ring)

@: no status effects
A: large, unfitting armour, tough skin 1
a: Berserk, Trog's Hand, Burn Spellbooks, Renounce Religion


You were on level 3 of the Dungeon.
You worshipped Trog.
Trog was pleased with you.
You were not hungry.

You visited 1 branch of the dungeon, and saw 3 of its levels.

You collected 122 gold pieces.

Inventory:

Hand Weapons
 a - a +0 spear
 f - a +0 hand axe
 q - a +0 war axe (weapon)
Armour
 b - a +0 animal skin (worn)
Jewellery
 h - an uncursed ring of fire {unknown}
Scrolls
 e - 4 scrolls of identify {unknown}
 g - 4 scrolls of remove curse {unknown}
 i - 3 scrolls of amnesia {unknown}
 j - a scroll of fog {unknown}
 k - a scroll of magic mapping {unknown}
 l - a scroll of fear {unknown}
 r - a scroll of immolation {unknown}
Potions
 d - 2 potions of lignification {unknown}
 m - 2 potions of haste {unknown}
 n - a potion of degeneration {unknown}
 o - 2 potions of mutation {unknown}
 p - a potion of cancellation {unknown}
 s - a potion of curing {unknown}
Comestibles
 c - 5 rations
 t - a chunk of flesh


   Skills:
 + Level 5.5 Fighting
 + Level 1.9(2.9) Axes
 - Level 3.3(3.6) Polearms
 + Level 3.7 Dodging
 - Level 0.1 Stealth


You had 4 spell levels left.
You didn't know any spells.

Dungeon Overview and Level Annotations

Branches:
Dungeon (3/15)

Altars:
Cheibriados
Makhleb
Vehumet

Annotations:
D:3 1 exclusion, poxu's ghost, amateur GrWz


Innate Abilities, Weirdness & Mutations

You are too large for most types of armour.
You have tough skin. (AC +1)


Message History

You are too injured to fight recklessly!
You are too injured to fight recklessly!
You closely miss the orc. The orc hits you with a flail.
You hit the orc.
The orc is lightly wounded.
The orc hits you with a flail.
You closely miss the orc.
The orc is lightly wounded.
The orc closely misses you.
You hit the orc.
The orc is moderately wounded.
The orc hits you with a flail.
You hit the orc.
The orc is heavily wounded.
The orc hits you with a flail!
* * * LOW HITPOINT WARNING * * *
You closely miss the orc.
The orc is heavily wounded.
The orc hits you with a flail!
You die...

.# #......# #........ .# #####
#......###### #........
.###...####...........###........
>+........'.............'........
.#...#.####...........###........
%##.##.# ####'#######...........
....##.# #.# #...........
######.# #.##### #.......#... .#
#.# #..@oo# #.......#.## .# #.#
#########'###########'## .# #.#
#...†.oo...# #......W .# #..
+..........# #....... .#
#..........# #....... .#
#..........# #....... .#
#..........# #....... .#
#............ #.....%. .######
#............. #.......


You could see 2 orcs.

Vanquished Creatures
  A centaur skeleton (D:3)
  A hound (D:2)
  An adder (D:3)
  An ooze (D:3)
  3 worms
  A dart slug (D:1)
  A leopard gecko (D:1)
  2 orcs (D:3)
  3 ball pythons (D:1)
  7 bats
  4 giant cockroaches
  9 goblins
  5 hobgoblins
  3 jackals (D:2)
  A quokka (D:2)
  3 frilled lizards
  9 kobolds
  7 rats
62 creatures vanquished.

Notes
Turn   | Place    | Note
-------+----------+-------------------------------------------
     0 | D:1      | VersusAllOdds the Ogre Berserker began the quest for the Orb.
     0 | D:1      | Reached XP level 1. HP: 24/24 MP: 1/1
   122 | D:1      | Reached XP level 2. HP: 32/32 MP: 2/2
   351 | D:1      | Reached XP level 3. HP: 40/40 MP: 3/3
  1265 | D:2      | Reached ** piety under Trog
  1817 | D:2      | Reached skill level 5 in Fighting
  1817 | D:2      | Reached skill level 1 in Axes
  1817 | D:2      | Reached XP level 4. HP: 11/50 MP: 4/4
  2062 | D:2      | Found a burning altar of Makhleb.
  2444 | D:2      | Found a snail-covered altar of Cheibriados.
  2445 | D:2      | Found a radiant altar of Vehumet.
  2731 | D:3      | Noticed poxu's ghost (amateur GrWz)
  3364 | D:3      | Reached XP level 5. HP: 36/57 MP: 5/5
  3908 | D:3      | Slain by an orc

Skill      XL: |  1  2  3 |
---------------+----------+-----
Dodging        | 3 |  3.7
Fighting       | 5 |  5.5
Axes           | 1 |  1.9
Polearms       | |  3.3
Stealth        | |  0.1

Action                   |  1- 3 |  4- 6 || total
-------------------------+-------+-------++-------
Melee: Spear             |    80 |       ||    80
       Hand axe          |    64 |    55 ||   119
       War axe           |       |    48 ||    48
 Stab: Sleeping          |       |     1 ||     1
  Eat: Ration            |     1 |     1 ||     2
       Chunk             |       |     4 ||     4
Armor: Animal skin       |    42 |    19 ||    61
Dodge: Dodged            |    80 |    59 ||   139
